Kradschützen Motorcycle Team
Construct Light Support Kompanie
Construct Mechanized Kompanie
Marder III Tank Destroyer
254 Reconnaissance Tractor
Construct Panzerarmee Kommand
Selects Defensive Operations
Selects Territory Booby Traps
Walking Stuka Rocket Launcher
Walking Stuka Rocket Launcher
Marder III Tank Destroyer
Selects Obice 305mm Barrage
Selects Registered Artillery
Selects Towed Cannone da 105/28 Field Howitzer
Walking Stuka Rocket Launcher